 Dungeon Crawl Stone Soup version 0.28-a0-381-g937acc2988 (webtiles) character file.

Game seed: 4232471129623969081

15390 robertstho the Thaumaturge (level 12, -17/84 HPs)
             Began as a Djinni Fire Elementalist on Sept 1, 2021.
             Was an Initiate of Gozag.
             Hit by a javelin thrown by a minotaur (21 damage)
             ... in a Gauntlet.
             The game lasted 00:25:23 (14198 turns).

robertstho the Thaumaturge (DjFE)                  Turns: 14198, Time: 00:25:24

Health: -17/84     AC:  9    Str:  7    XL:     12   Next: 57%
Gold:   316        EV: 13    Int: 25    God:    Gozag SH:  4 Dex: 16

rFire   + + .      SeeInvis +   v - +7 whip of the Boiling Point {venom, rCorr Int+3 Dex+2}
rCold   . . .      Faith    .   a - +0 buckler
rNeg    . . .      Spirit   .   o - +2 robe {Will+}
rPois   ∞          Reflect  .   C - +0 helmet {SInv}
rElec   .          Harm     .   H - +2 cloak {Will+}
rCorr   +          Rampage  .   p - +0 pair of gloves
Will    +++..      NoTele   +   (boots unavailable)
Stlth   +++.......              E - amulet of regeneration
HPRegen 1.24/turn               t - ring of see invisible
MPRegen 0.00/turn               D - ring of protection from cold

@: flying
A: sickness immunity, fire resistance 2, cold vulnerability 1, float, innate
caster, hp casting, extra vitality 1
a: Renounce Religion, Potion Petition, Call Merchant, Bribe Branch


You were in a Gauntlet.
You worshipped Gozag.
Gozag was aware of your devotion.
You visited 3 branches of the dungeon, and saw 11 of its levels.
You also visited: Sewer and Gauntlet.

You collected 1822 gold pieces.
You spent 605 gold pieces at shops.
You paid 901 gold pieces to Gozag.

Inventory:

Hand Weapons
 h - a +4 short sword
 k - a +2 short sword of venom
 n - a +0 war axe of flaming
 v - the +7 whip of the Boiling Point (weapon) {venom, rCorr Int+3 Dex+2}
   (You found it on level 6 of the Dungeon)

   It poisons the flesh of those it strikes.
   Int:       It affects your intelligence (+3).
   Dex:       It affects your dexterity (+2).
   rCorr:     It protects you from acid and corrosion.
 B - the +9 battleaxe of the Shore {speed, Int+3}
   (You found it on level 8 of the Dungeon)

   Attacks with this weapon are significantly faster.
   Int:       It affects your intelligence (+3).
Missiles
 y - a throwing net
Armour
 a - a +0 buckler (worn)
 o - a +2 robe of willpower (worn)
 p - a +0 pair of gloves (worn)
 C - a +0 helmet of see invisible (worn)
 H - a +2 cloak of willpower (worn)
Jewellery
 t - a ring of see invisible (left hand)
 D - a ring of protection from cold (right hand)
 E - an amulet of regeneration (around neck)
Wands
 g - a wand of iceblast (5)
 i - a wand of mindburst (18)
 r - a wand of paralysis (1)
 s - a wand of flame (20)
 G - a wand of acid (5)
Scrolls
 b - 3 scrolls of enchant weapon
 c - 2 scrolls of teleportation
 e - a scroll of silence
 m - a scroll of fear
 q - a scroll of vulnerability
 x - a scroll of brand weapon {unknown}
 z - a scroll of torment
 A - 2 scrolls of fog
Potions
 d - a potion of ambrosia {unknown}
 f - 2 potions of might
 j - 2 potions of curing
 l - a potion of haste {unknown}
 u - a potion of resistance {unknown}
 w - a potion of berserk rage {unknown}
 F - a potion of cancellation {unknown}
 I - 2 potions of magic {unknown}


   Skills:
 * Level 6.4 Fighting
 + Level 0.2(0.3) Axes
 + Level 0.2(0.3) Maces & Flails
 + Level 3.6 Dodging
 + Level 4.5 Stealth
 + Level 1.2 Shields
 * Level 13.4 Spellcasting


You had 9 spell levels left.
You knew the following spells:

 Your Spells              Type           Power      Damage    Failure   Level
a - Foxfire               Conj/Fire      100%       2x1d9     1%          1
b - Conjure Flame         Conj/Fire      71%        6-21      1%          3
c - Inner Flame           Hex/Fire       71%        N/A       1%          3
d - Sticky Flame          Conj/Fire      71%        2d8       1%          4
e - Fireball              Conj/Fire      35%        3d15      1%          5
f - Pain                  Necr           100%       1d9       1%          1
g - Ensorcelled Hibernat  Hex/Ice        100%       N/A       1%          2
h - Corpse Rot            Necr/Air       N/A        N/A       1%          2
i - Call Canine Familiar  Summ           71%        N/A       1%          3
j - Animate Armour        Summ/Erth      100%       N/A       1%          4
Your spell library was empty.

Dungeon Overview and Level Annotations

Branches:
Dungeon (8/15)             Temple (1/1) D:4            Lair (2/6) D:8
  Swamp (0/4) Lair:2        Sewer (visited)         Gauntlet (1/1)
  Snake: Lair:2-4    Spider: Lair:2-4

Altars:
Elyvilon
Fedhas
Gozag
Hepliaklqana
Uskayaw
Zin
The Shining One

Shops:
D:8 =

Annotations:
Gauntlet 4 transporters, 1 runed translucent door


Innate Abilities, Weirdness & Mutations

You are immune to sickness and miasma.
You are immune to poison.
Your flesh is very heat resistant. (rF++)
You are vulnerable to cold. (rC-)
You float through the air rather than walking.
You learn spells naturally, not from books.
Your magical power is your life essence.
You have superior vitality. (+4 HP)


Message History

The minotaur throws a javelin.
The javelin pierces through you!!
Unknown command.
Aiming: Paralyse
Press: ? - help, Shift-Dir - straight line, f/p - minotaur
Aim: a minotaur, wielding a +4 scythe of venom, wearing a +0 plate armour, wearing a ring of wizardry and quivering javelins (chance to affect: 1%)
The minotaur resists with almost no effort.
The minotaur hits you from afar with a +4 scythe of venom!
Unknown command.
The minotaur hits you from afar with a +4 scythe of venom!
Your warg bites the minotaur.
Your warg bites the minotaur but does no damage.
The minotaur hits your warg with a +4 scythe of venom!!!
Your warg dies!
Your warg's corpse disappears in a puff of smoke!
Casting: Ensorcelled Hibernation (safe; 1% risk of failure)
Confirm with . or Enter, or press ? or * to list all spells.
You swap places.
Your warg bites the minotaur.
The minotaur hits your warg with a +4 scythe of venom!!
Your warg dies!
Your warg's corpse disappears in a puff of smoke!
You feel better.
The minotaur throws a javelin.
The javelin pierces through you!
Aiming: Paralyse
Press: ? - help, Shift-Dir - straight line, f/p - minotaur
Aim: a minotaur, wielding a +4 scythe of venom, wearing a +0 plate armour, wearing a ring of wizardry and quivering javelins (purple smoke, lightly wounded, chance to affect: 1%)
The minotaur resists with almost no effort.
Aiming: Paralyse
Press: ? - help, Shift-Dir - straight line, f/p - minotaur
Aim: a minotaur, wielding a +4 scythe of venom, wearing a +0 plate armour, wearing a ring of wizardry and quivering javelins (lightly wounded, chance to affect: 1%)
The minotaur resists with almost no effort.
The minotaur throws a javelin.
The javelin misses you.
Aiming: Paralyse
Press: ? - help, Shift-Dir - straight line, f/p - minotaur
Aim: a minotaur, wielding a +4 scythe of venom, wearing a +0 plate armour, wearing a ring of wizardry and quivering javelins (lightly wounded, chance to affect: 1%)
The minotaur resists with almost no effort.
The minotaur hits you from afar with a +4 scythe of venom!!
* * * LOW HITPOINT WARNING * * *
The minotaur throws a javelin.
The javelin pierces through you!!
You die...
Your body crumbles into a pile of gold.

#########.8.#.©....#.# $#
#..#©#..#...#.8.##.#.# '##
#.#.#.#.#...#.©.##...# .⌠.#
#.#.#.#.#.8.#.8.##.#.##∩...#
#..#©#..#.∩.#.©....#.'....⌠+
#.#.#.#.#.8.#.8.##.#.##.⌠..#
#.#.#.#.#...#.©.##.H.# ###
#..#.#..#...#.8.##.#.#
#########.8.#.©.@..#.#
...#©..8#.⌠.#.8.##.#.#
.8.#...©#.8.#...##...#
...#©..8#...#...######
#########...#≈≈≈#
##.#©#.##..###≈##
#.#.#.#.#.## ###
##.#^#.##.≈## #.#©#.#.#.≈≈#


You could see a minotaur.

Vanquished Creatures
  2 hydras
  2 death scarabs (Gauntlet)
  A wizard (Gauntlet)
  Pikel (D:5)
  An oklob plant (Lair:1)
  6 cane toads
  A rime drake (Lair:1)
  A komodo dragon (Lair:1)
  2 hornets (Gauntlet)
  Prince Ribbit (D:6)
  3 blink frogs (Lair:1)
  Sigmund (D:6)
  2 centaur simulacra (Gauntlet)
  A wyvern (Lair:2)
  15 yaks
  A spectral komodo dragon (Gauntlet)
  Menkaure (D:4)
  A steam dragon (D:8)
  4 water moccasins
  A sky beast (D:7)
  An ice beast (D:6)
  2 black bears
  A hornet zombie (D:7)
  4 ogres
  5 wolves
  A lemure (D:5)
  Blork the orc (D:5)
  4 kobold brigands
  A wyvern zombie (D:6)
  4 bullfrogs
  A scorpion (D:6)
  A hornet simulacrum (Gauntlet)
  2 water moccasin zombies
  6 killer bees (D:8)
  2 centaur zombies (D:5)
  2 bullfrog zombies (D:5)
  4 hounds
  An orc priest (D:5)
  2 jellies
  A bullfrog skeleton (D:5)
  3 iguanas
  5 orc wizards
  A hound skeleton (D:5)
  A howler monkey zombie (D:7)
  8 adders
  6 gnolls
  2 shadow imps (Gauntlet)
  A white imp (D:6)
  2 worms
  24 orcs
  14 endoplasms
  21 giant cockroaches
  10 goblins
  5 hobgoblins
  4 jackals (D:2)
  13 quokkas
  17 ball pythons
  6 bats
  6 frilled lizards (Sewer)
  28 kobolds
  7 rats
  3 bushes (Lair:1)
281 creatures vanquished.

Vanquished Creatures (collateral kills)
  A spectral catoblepas (Gauntlet)
  A wizard (Gauntlet)
  2 spectral komodo dragons (Gauntlet)
  2 shadow imps (Gauntlet)
  A white imp (Gauntlet)
  5 foxfires (D:2)
12 creatures vanquished.

Vanquished Creatures (others)
  829 foxfires
  2 fungi
  4 plants
835 creatures vanquished.

Grand Total: 1128 creatures vanquished

Notes
Turn   | Place    | Note
-------+----------+-------------------------------------------
     0 | D:1      | robertstho the Djinni Fire Elementalist began the quest for
                  | the Orb.
     0 | D:1      | Reached XP level 1. HP: 15/15 MP: 0/0
   545 | D:1      | Reached XP level 2. HP: 18/21 MP: 0/0
   656 | D:1      | You are sucked into a shaft and drop 1 floor!
   892 | D:2      | Reached skill level 3 in Spellcasting
   896 | D:2      | Reached XP level 3. HP: 15/25 MP: 0/0
   896 | D:2      | Learned a level 1 spell: Pain
  2955 | D:3      | Reached XP level 4. HP: 26/31 MP: 0/0
  3944 | D:3      | Reached XP level 5. HP: 29/36 MP: 0/0
  3944 | D:3      | Learned a level 2 spell: Ensorcelled Hibernation
  4318 | D:4      | Reached skill level 1 in Fighting
  4321 | D:4      | Found a glowing drain.
  4334 | Sewer    | Entered a sewer
  4338 | Sewer    | Reached skill level 4 in Spellcasting
  5115 | Sewer    | Reached XP level 6. HP: 40/42 MP: 0/0
  5437 | D:4      | Found a staircase to the Ecumenical Temple.
  5461 | Temple   | Entered the Ecumenical Temple
  5487 | Temple   | Became a worshipper of Gozag Ym Sagoz the Greedy
  5739 | D:4      | Noticed Menkaure
  5740 | D:4      | Noticed an ogre
  5744 | D:4      | Killed an ogre
  5747 | D:4      | Killed Menkaure
  5748 | D:4      | Reached skill level 5 in Spellcasting
  5748 | D:4      | Reached XP level 7. HP: 19/48 MP: 0/0
  5748 | D:4      | Learned a level 2 spell: Corpse Rot
  6167 | D:4      | Found a white marble altar of Elyvilon.
  6238 | D:5      | Entered Level 5 of the Dungeon
  6488 | D:5      | Reached skill level 6 in Spellcasting
  6612 | D:5      | Reached XP level 8. HP: 34/54 MP: 0/0
  6985 | D:5      | Noticed Blork the orc
  6992 | D:5      | Killed Blork the orc
  7633 | D:5      | Noticed Pikel
  7655 | D:5      | Killed Pikel
  7656 | D:5      | Reached skill level 7 in Spellcasting
  7901 | D:5      | Reached XP level 9. HP: 57/61 MP: 0/0
  7901 | D:5      | Learned a level 3 spell: Call Canine Familiar
  8810 | D:6      | Noticed Prince Ribbit
  8830 | D:6      | Reached skill level 8 in Spellcasting
  8860 | D:6      | Killed Prince Ribbit
  9191 | D:6      | Noticed Sigmund
  9199 | D:6      | Killed Sigmund
  9227 | D:6      | Reached skill level 9 in Spellcasting
  9582 | D:6      | Identified the +7 whip of the Boiling Point {venom, rCorr
                  | Int+3 Dex+2}
  9903 | D:7      | Identified the +7 war axe of Hiliac {vorpal, rN+}
 10042 | D:7      | Reached XP level 10. HP: 48/68 MP: 0/0
 10794 | D:7      | Found a glowing silver altar of Zin.
 11132 | D:8      | Identified the +9 battleaxe of the Shore {speed, Int+3}
 11585 | D:8      | Reached skill level 10 in Spellcasting
 11962 | D:8      | Found a staircase to the Lair.
 12369 | D:8      | Bought a ring of protection from cold for 275 gold pieces
 12369 | D:8      | Bought an amulet of regeneration for 330 gold pieces
 12408 | Lair:1   | Entered Level 1 of the Lair of Beasts
 12439 | Lair:1   | Noticed a komodo dragon
 12440 | Lair:1   | Reached skill level 11 in Spellcasting
 12442 | Lair:1   | Killed a komodo dragon
 12442 | Lair:1   | Noticed a cane toad
 12443 | Lair:1   | Reached XP level 11. HP: 43/74 MP: 0/0
 12443 | Lair:1   | Learned a level 4 spell: Animate Armour
 12520 | Lair:1   | Noticed an oklob plant
 12523 | Lair:1   | Noticed a four-headed hydra
 12528 | Lair:1   | Killed an oklob plant
 12529 | Lair:1   | Reached skill level 5 in Fighting
 12530 | Lair:1   | Killed a four-headed hydra
 12730 | Lair:1   | Reached skill level 12 in Spellcasting
 13405 | Lair:2   | Noticed an elephant
 13405 | Lair:2   | Noticed an elephant
 13408 | Lair:2   | Noticed an elephant
 13548 | Lair:2   | Noticed a seven-headed hydra
 13562 | Lair:2   | Killed a seven-headed hydra
 13563 | Lair:2   | Reached XP level 12. HP: 12/82 MP: 0/0
 13587 | Lair:2   | Found a gate leading to a gauntlet.
 13598 | Gauntlet | Entered a Gauntlet
 13598 | Gauntlet | Found a transporter.
 13639 | Gauntlet | Found a transporter.
 13642 | Gauntlet | Found a transporter.
 13643 | Gauntlet | Found a transporter.
 13651 | Gauntlet | Found a transporter.
 13654 | Gauntlet | Found a transporter.
 13655 | Gauntlet | Found a transporter.
 13657 | Gauntlet | Noticed a death scarab
 13664 | Gauntlet | Noticed a death scarab
 13667 | Gauntlet | Found a transporter.
 13668 | Gauntlet | Found a transporter.
 13668 | Gauntlet | Found a transporter.
 13672 | Gauntlet | Found a runed translucent door.
 13676 | Gauntlet | Found a transporter.
 13678 | Gauntlet | Found a runed translucent door.
 13679 | Gauntlet | Found a transporter.
 13680 | Gauntlet | Found a transporter.
 13688 | Gauntlet | Found a transporter.
 13688 | Gauntlet | Noticed a quicksilver ooze
 13986 | Gauntlet | Killed a death scarab
 13987 | Gauntlet | Reached skill level 13 in Spellcasting
 13987 | Gauntlet | HP: 3/83 [spectral catoblepas (11)]
 14007 | Gauntlet | Killed a death scarab
 14008 | Gauntlet | Reached skill level 1 in Shields
 14184 | Gauntlet | Noticed a minotaur
 14197 | Gauntlet | HP: 3/84 [minotaur (30)]
 14198 | Gauntlet | Hit by a javelin thrown by a minotaur

Illustrated notes

Levels and vault maps discovered:
D:1:      wander_arrival_peaceful_grave, layout_basic
D:2:      layout_loops_corners, serial_bayou_lagoon_b
D:3:      layout_basic, hangedman_decor_points, guppyfry_early_orc_mine
D:4:      layout_basic, lemuel_doored_altar, minmay_temple_entry_antechambers,
          portal_sewer_entry_f, uniq_menkaure
D:5:      layout_basic, serial_co_window_serial, co_window_corner_a,
          co_window_corner_a, co_window_paths_a, co_window_cross_1,
          co_window_paths_b, co_window_paths_a, co_window_paths_b,
          co_window_of_opportunity_a, co_window_corner_a,
          co_window_of_opportunity_b, co_window_corner_cb,
          co_window_of_opportunity_b, co_window_corner_cb, co_window_cross_4,
          co_window_corner_b, glass_columns_a, glass_columns_b, glass_columns_a,
          supply_closet_lemuel, roderic_filled_cross, uniq_pikel,
          uniq_blork_the_orc
D:6:      layout_cave_pools, uniq_sigmund, uniq_prince_ribbit1
D:7:      layout_basic, lemuel_round_altar
D:8:      layout_basic, lair_entry_dummy, kennysheep_generic_room_14
Temple:   regret_index_temple_waves
Lair:1:   layout_cave_pods, minmay_stone_trees_small, minivault_24,
          minmay_lair_oklob_bushes, lemuel_fruit_fields
Lair:2:   layout_regular_city, minmay_swamp_entry_worms, gauntlet_entry_generic
Gauntlet: gammafunk_gauntlet_77_escape_option
          [minmay_gauntlet_arena_77_tiled_triplets,
          minmay_gauntlet_arena_77_checkered, minmay_gauntlet_arena_77_braids,
          minmay_gauntlet_arena_77_shame_cube,
          minmay_gauntlet_arena_77_hold_the_fort, gauntlet_exit_hidden_loot]

Skill      XL: |  1  2  3  4  5  6  7  8  9 10 11 12 |
---------------+-------------------------------------+-----
Spellcasting   | 3 4 5 6 7 9 11 12 13 | 13.4
Stealth        | 2 3 4 |  4.5
Fighting       | 1 2 3 4 5 6 |  6.4
Dodging        | 3 |  3.6
Shields        | 1 |  1.2
Axes           | |  0.2
Maces & Flails | |  0.2

Action                   |  1- 3 |  4- 6 |  7- 9 | 10-12 || total
-------------------------+-------+-------+-------+-------++-------
Melee: War axe           |       |       |     6 |       ||     6
       Whip              |       |       |     2 |     8 ||    10
 Cast: Foxfire           |   110 |   201 |   189 |     1 ||   501
       Sticky Flame      |       |       |    18 |    23 ||    41
       Fireball          |       |       |    12 |   107 ||   119
       Ensorcelled Hiber |       |       |       |     3 ||     3
       Call Canine Famil |       |       |       |     6 ||     6
       Inner Flame       |       |       |       |     1 ||     1
Invok: Call Merchant     |       |       |       |     1 ||     1
       Potion Petition   |       |       |       |     1 ||     1
Evoke: Wand              |       |       |       |     6 ||     6
  Use: Potion            |       |     1 |       |     5 ||     6
       Scroll            |       |       |     6 |     8 ||    14
Armor: Robe              |     2 |     4 |    21 |    18 ||    45
Dodge: Dodged            |     7 |    16 |    28 |    41 ||    92
Block: Buckler           |       |       |     1 |    12 ||    13

Table legend: (Time is in decaauts)
 A = Elapsed time spent in this place.
 B = Non-inter-level travel time spent in this place.
 C = Inter-level travel time spent in this place.
 D = Time resting spent in this place.
 E = Time spent auto-exploring this place.
 F = Levels seen in this place.
 G = Mean time per level.
                   A        B        C        D        E       F      G
               +--------+--------+--------+--------+--------+-----+--------+
         Total |  14210 |  13677 |    533 |    878 |  11057 |  13 | 1093.1 |
       Dungeon |  11335 |  10912 |    423 |    680 |   9107 |   8 | 1416.9 |
        Temple |     39 |     26 |     13 |      0 |     14 |   1 |   39.0 |
          Lair |   1150 |   1054 |     96 |      0 |    866 |   2 |  575.0 |
         Sewer |   1076 |   1076 |      0 |      0 |    868 |   1 | 1076.0 |
      Gauntlet |    608 |    608 |      0 |    198 |    202 |   1 |  608.0 |
               +--------+--------+--------+--------+--------+-----+--------+

Top non-repeatable levels by time:
     D:5: 2664 daAuts
     D:2: 1614 daAuts
     D:3: 1478 daAuts
     D:8: 1331 daAuts
     D:7: 1219 daAuts
     D:1: 1189 daAuts
   Sewer: 1076 daAuts
  Lair:1: 1038 daAuts
     D:6: 998 daAuts
     D:4: 838 daAuts
Gauntlet: 608 daAuts
  Lair:2: 111 daAuts
  Temple: 39 daAuts
